 Dungeon Crawl Stone Soup version 0.28-a0-1412-gf95308ed99 (webtiles) character file.

Game seed: 1039840363813917359

10830 porpoise the Fighter (level 12, -3/95 HPs)
             Began as a Djinni Conjurer on Jan 7, 2022.
             Was an Initiate of Dithmenos.
             Slain by a yak (10 damage)
             ... on level 11 of the Dungeon.
             The game lasted 01:07:02 (22167 turns).

porpoise the Fighter (Djinni Conjurer)             Turns: 22167, Time: 01:07:03

Health: -3/95      AC:  4    Str: 10    XL:     12   Next: 0%
Gold:   435        EV: 14    Int: 20    God:    Dithmenos [......] SH: 11 Dex: 13

rFire   + + .      SeeInvis .   b - +0 hunting sling (flame)
rCold   x . .      Faith    .   l - +1 buckler
rNeg    + . .      Spirit   .   T - +0 robe
rPois   ∞          Reflect  +   R - +0 helmet
rElec   .          Harm     .   (no cloak)
rCorr   .          Rampage  .   H - +0 pair of gloves
Will    +....                   (boots unavailable)
Stlth   +++.......              n - amulet of reflection
HPRegen 0.25/turn               c - ring of positive energy
MPRegen 0.00/turn               (no ring)

@: flying
A: sickness immunity, fire resistance 2, cold vulnerability 1, float, innate
caster, hp casting, extra vitality 1
a: Renounce Religion


You were on level 11 of the Dungeon.
You worshipped Dithmenos.
Dithmenos was noncommittal.
You visited 2 branches of the dungeon, and saw 12 of its levels.
You also visited: Sewer and Bailey.

You collected 532 gold pieces.
You spent 97 gold pieces at shops.

Inventory:

Hand Weapons
 a - a +4 flail
 b - a +0 hunting sling of flaming (weapon)
 S - a +4 scimitar of flaming
Missiles
 j - 236 arrows
 k - a curare-tipped dart
 m - 29 bolts
 o - 366 stones
 v - 38 poisoned darts
 x - 46 sling bullets (quivered ammo)
 B - 2 throwing nets
 I - 6 boomerangs
Armour
 l - a +1 buckler (worn)
 w - the +7 scale mail "Comuith" {rC+}
   (You found it on level 9 of the Dungeon)

   rC:        It protects you from cold.
 y - an orb of mayhem
 A - an orb of guile
 H - a +0 pair of gloves (worn)
 M - a +3 ring mail
 R - a +0 helmet (worn)
 T - a +0 robe (worn)
Magical Staves
 C - a staff of earth
Jewellery
 c - a ring of positive energy (left hand)
 n - an amulet of reflection (around neck)
Wands
 s - a wand of mindburst (8)
 D - a wand of acid (5)
Scrolls
 d - 2 scrolls of magic mapping
 g - 3 scrolls of teleportation
 h - 2 scrolls of noise
 i - 4 scrolls of enchant armour
 p - 3 scrolls of fog
 z - a scroll of holy word
 J - a scroll of vulnerability
 P - 2 scrolls of blinking
 Q - a scroll of torment {unknown}
Potions
 e - 3 potions of attraction
 f - 2 potions of curing {unknown}
 q - 2 potions of heal wounds
 r - a potion of magic {unknown}
 t - 2 potions of flight {unknown}
 u - 4 potions of brilliance
 E - a potion of might {unknown}
 F - 3 potions of resistance {unknown}
 G - a potion of lignification {unknown}
 K - 2 potions of haste {unknown}
 L - 3 potions of cancellation {unknown}
 N - 3 potions of mutation {unknown}
 O - a potion of invisibility {unknown}


   Skills:
 - Level 12.0 Fighting
 - Level 7.0 Dodging
 + Level 5.5 Stealth
 - Level 4.0 Shields
 * Level 7.7 Spellcasting
 * Level 3.8 Invocations


You couldn't memorise any spells.
You knew the following spells:

 Your Spells              Type           Power      Damage    Failure   Level
a - Magic Dart            Conj           100%       1d8       1%          1
b - Searing Ray           Conj           76%        2d7       1%          2
c - Fulminant Prism       Conj/Hex       19%        3d11      4%          4
d - Iskenderun's Mystic   Conj/Tloc      38%        2d9       4%          4
f - Dazzling Flash        Conj/Hex       76%        N/A       1%          3
g - Passwall              Tmut/Erth      31%        N/A       1%          2
p - Pain                  Necr           100%       1d9       1%          1
r - Corpse Rot            Necr/Air       76%        N/A       1%          2
s - Sticky Flame          Conj/Fire      38%        2d6       4%          4
z - Ozocubu's Armour      Ice            38%        N/A       1%          3
Your spell library was empty.

Dungeon Overview and Level Annotations

Branches:
Dungeon (11/15)            Temple (1/1) D:7           Sewer (visited)
 Bailey (visited)
   Lair: D:8-11         Orc: D:9-12

Altars:
Ashenzari
Cheibriados
Dithmenos
Elyvilon
Fedhas
Gozag
Hepliaklqana
Kikubaaqudgha
Makhleb
Nemelex Xobeh
Okawaru
Qazlal
Ru
Sif Muna
Trog
Uskayaw
Vehumet
Wu Jian
Xom
Yredelemnul
Zin
The Shining One

Shops:
D:3 *


Innate Abilities, Weirdness & Mutations

You are immune to sickness and miasma.
You are immune to poison.
Your flesh is very heat resistant. (rF++)
You are vulnerable to cold. (rC-)
You float through the air rather than walking.
You learn spells naturally, not from books.
Your magical power is your life essence.
You have superior vitality. (+4 MHP)


Message History

The mystic blast hits the yak!
The yak is moderately wounded.
The yak is knocked back by the mystic blast.
The mystic blast hits the yak!
The yak is moderately wounded.
The yak is knocked back by the mystic blast.
The mystic blast hits the yak!
The yak is severely wounded.
The yak is knocked back by the mystic blast.
The yak collides with the yak!
The yak is heavily wounded.
The yak is almost dead.
The mystic blast hits the yak!
The yak is heavily wounded.
* * * LOW HITPOINT WARNING * * *
The yak gores you.
* * * LOW HITPOINT WARNING * * *
Your fulminant prism crackles loudly.
Casting: Iskenderun's Mystic Blast (dangerous; 4% risk of failure)
Confirm with . or Enter, or press ? or * to list all spells.
You erupt in a blast of force!
The mystic blast hits the yak!
The yak is severely wounded.
The yak is knocked back by the mystic blast.
The mystic blast hits the yak.
The yak is almost dead.
The yak is knocked back by the mystic blast.
The yak collides with the yak!
The yak is severely wounded.
The yak is almost dead.
The mystic blast hits the yak!
The yak is severely wounded.
* * * LOW HITPOINT WARNING * * *
The two-headed ogre hits your fulminant prism with a +0 giant club!
Your fulminant prism explodes!
The blast of energy engulfs the two-headed ogre.
The two-headed ogre is moderately wounded.
The blast of energy engulfs the cyclops!
The cyclops is moderately wounded.
The yak gores you!
You die...

.....)...#
.........#
........# .
......# ...
#....#
P...#O.†Y#
......C.Y#
...#..YY.#
#.###@# #
#...# #.###
#†##########
#..........#
##########.#
#.# #.# #.#


You could see a two-headed ogre, a cyclops and 4 yaks.

Vanquished Creatures
  Erica (D:9)
  A two-headed ogre (D:8)
  Joseph (D:10)
  A troll (D:10)
  A hornet (D:10)
  22 yaks
  2 wyverns
  A basilisk (D:8)
  2 steam dragons (D:10)
  3 vampire mosquitoes (D:9)
  Menkaure (D:7)
  A water moccasin (D:7)
  A sky beast (D:4)
  5 orc warriors
  A black bear (D:7)
  5 necrophages
  2 ogres
  7 centaurs
  3 kobold brigands (Sewer)
  3 bullfrogs
  A wyvern zombie (D:6)
  A water moccasin zombie (D:7)
  2 scorpions
  A water moccasin skeleton (D:6)
  4 killer bees (D:8)
  A howler monkey (D:6)
  7 wights
  2 centaur zombies
  A bullfrog zombie (D:6)
  A human zombie (D:6)
  A jelly (D:6)
  A gnoll shaman (D:5)
  2 bullfrog skeletons (D:5)
  6 orc priests
  3 centaur skeletons (D:7)
  An iguana (D:5)
  A scorpion zombie (D:5)
  11 orc wizards
  A hound zombie (D:5)
  A mummy (D:6)
  A howler monkey zombie (D:8)
  17 gnolls
  4 adders
  2 river rats (Sewer)
  A white imp (D:5)
  An ufetubus (D:7)
  2 dart slugs
  39 orcs
  6 ball pythons
  11 endoplasms
  3 giant cockroaches (D:4)
  5 goblins
  6 hobgoblins
  3 quokkas
  7 bats
  4 frilled lizards
  16 kobolds
  13 rats
254 creatures vanquished.

Vanquished Creatures (others)
  A kobold brigand (Sewer)
  40 fulminant prisms
  13 fungi (D:11)
  15 plants (D:11)
69 creatures vanquished.

Grand Total: 323 creatures vanquished

Notes
Turn   | Place    | Note
-------+----------+-------------------------------------------
     0 | D:1      | porpoise the Djinni Conjurer began the quest for the Orb.
     0 | D:1      | Reached XP level 1. HP: 15/15 MP: 0/0
   248 | D:1      | Reached XP level 2. HP: 17/21 MP: 0/0
  1103 | D:1      | Found a faded altar of an unknown god.
  1544 | D:1      | Reached skill level 1 in Fighting
  1629 | D:2      | Reached XP level 3. HP: 23/27 MP: 0/0
  1629 | D:2      | Learned a level 1 spell: Pain
  3009 | D:3      | Found Zulutis's General Store.
  3154 | D:3      | Reached XP level 4. HP: 32/33 MP: 0/0
  3211 | D:3      | Reached skill level 2 in Fighting
  3238 | D:3      | Reached XP level 5. HP: 1/39 MP: 0/0
  3238 | D:3      | Learned a level 2 spell: Passwall
  3794 | D:3      | Found a glowing golden altar of the Shining One.
  4634 | D:4      | Reached skill level 3 in Fighting
  4634 | D:4      | Reached skill level 1 in Shields
  5035 | D:4      | Reached XP level 6. HP: 30/46 MP: 0/0
  5125 | D:4      | Found a glowing drain.
  5129 | Sewer    | Entered a sewer
  6497 | Sewer    | Reached skill level 4 in Fighting
  6558 | Sewer    | Reached XP level 7. HP: 48/52 MP: 0/0
  6558 | Sewer    | Learned a level 2 spell: Corpse Rot
  7523 | D:4      | Found a stormy altar of Qazlal.
  7528 | D:4      | Noticed an air elemental
  7528 | D:4      | Noticed a fire elemental
  7528 | D:4      | Noticed a water elemental
  7636 | D:4      | Found a sacrificial altar of Ru.
  8062 | D:5      | Entered Level 5 of the Dungeon
  8081 | D:5      | Reached skill level 5 in Fighting
  8081 | D:5      | Reached XP level 8. HP: 55/59 MP: 0/0
  8435 | D:5      | Reached skill level 6 in Fighting
  8849 | D:5      | Reached skill level 5 in Spellcasting
  9836 | D:6      | Found a shimmering altar of Xom.
  9859 | D:6      | Found a broken altar of Ashenzari.
  9896 | D:6      | Found a snail-covered altar of Cheibriados.
  9936 | D:6      | Found a basalt altar of Yredelemnul.
 10303 | D:6      | Reached skill level 7 in Fighting
 10399 | D:6      | Reached XP level 9. HP: 65/68 MP: 0/0
 10399 | D:6      | Learned a level 3 spell: Ozocubu's Armour
 11911 | D:7      | Found a flagged portal.
 11920 | Bailey   | Entered a bailey
 13314 | Bailey   | Reached skill level 5 in Dodging
 13780 | D:3      | Bought a scroll of blinking for 97 gold pieces
 13956 | D:7      | Found a white marble altar of Elyvilon.
 14286 | D:7      | Found a staircase to the Ecumenical Temple.
 14300 | D:7      | Reached XP level 10. HP: 70/75 MP: 0/0
 14322 | Temple   | Entered the Ecumenical Temple
 15095 | D:7      | Noticed Menkaure
 15100 | D:7      | Killed Menkaure
 15606 | D:7      | Found a hide-covered altar of Uskayaw.
 16708 | D:8      | Noticed a two-headed ogre
 16720 | D:8      | Killed a two-headed ogre
 16721 | D:8      | Reached skill level 8 in Fighting
 16721 | D:8      | Reached skill level 5 in Stealth
 18044 | D:9      | Reached skill level 9 in Fighting
 18440 | D:9      | Found a sparkling altar of Nemelex Xobeh.
 18682 | D:9      | Found a shadowy altar of Dithmenos.
 18693 | D:9      | Reached XP level 11. HP: 66/85 MP: 0/0
 18693 | D:9      | Learned a level 4 spell: Sticky Flame
 18699 | D:9      | Reached skill level 10 in Fighting
 18707 | D:9      | Reached skill level 11 in Fighting
 19222 | D:9      | Became a worshipper of Dithmenos the Shadowed
 19294 | D:9      | Noticed Erica
 19300 | D:9      | Killed Erica
 19489 | D:9      | Reached skill level 1 in Invocations
 19761 | D:9      | Identified the +7 scale mail "Comuith" {rC+}
 20155 | D:10     | Entered Level 10 of the Dungeon
 20162 | D:10     | Reached skill level 12 in Fighting
 21671 | D:10     | Noticed Joseph
 21685 | D:10     | Killed Joseph
 22034 | D:11     | Reached XP level 12. HP: 64/95 MP: 0/0
 22160 | D:11     | Noticed a two-headed ogre
 22167 | D:11     | Slain by a yak

Illustrated notes

Levels and vault maps discovered:
D:1:      elethiomel_arrival_infinity_welcomes_careful_drivers,
          layout_loops_ring, basic_ecumenical_altar,
          chequers_serial_rivers_micro_d, minmay_pentomino_o2
D:2:      layout_basic
D:3:      layout_loops_ring, nicolae_overflow_crystal_walls, serial_shops, shop
D:4:      layout_loops_ring, nicolae_qazlal_style_of_elements,
          lemuel_doored_altar, gup_sewer_entry_spiral
D:5:      layout_cave_pools
D:6:      layout_basic, mainiacjoe_overflow_catwalk,
          lemuel_mausoleum_altar_kikubaaqudgha, kennysheep_mini_moat,
          cheibrodos_ashenzari_chains, mainiacjoe_overflow_divided_tiny,
          grunt_decor_fettered
D:7:      layout_loops_cross, nicolae_uskayaw_suspiria,
          mainiacjoe_overflow_alcove_2, minmay_temple_entry_junction_2,
          enter_bailey_6, hangedman_abyss_or_decor_stagger,
          hangedman_decor_push, minmay_misc_feat_roman, patterned_corridor,
          uniq_menkaure
D:8:      layout_basic
D:9:      layout_basic, nicolae_dithmenos_shadow_blocks,
          overflow_temple_1_default, uniq_erica
D:10:     layout_roguey, uniq_joseph
D:11:     layout_basic, grunt_lair_entry_orc_guard_hut
Temple:   jpeg_temple_island

Skill      XL: |  1  2  3  4  5  6  7  8  9 10 11 |
---------------+----------------------------------+-----
Fighting       | 1 2 3 4 5 7 9 12 | 12.0
Stealth        | 2 4 5 |  5.5
Shields        | 1 3 4 |  4.0
Spellcasting   | 4 5 6 7 |  7.7
Dodging        | 5 7 |  7.0
Invocations    | 3 |  3.8

Action                   |  1- 3 |  4- 6 |  7- 9 | 10-12 || total
-------------------------+-------+-------+-------+-------++-------
Melee: Quarterstaff      |       |     2 |       |       ||     2
 Fire: Hunting sling     |       |    48 |    46 |    24 ||   118
Throw: Dart              |       |       |     3 |     1 ||     4
 Cast: Magic Dart        |    62 |    24 |     4 |     1 ||    91
       Searing Ray       |     5 |    26 |    73 |    53 ||   157
       Fulminant Prism   |       |       |     5 |    35 ||    40
       Iskenderun's Myst |       |       |     5 |    27 ||    32
       Pain              |       |       |     5 |       ||     5
       Passwall          |       |       |     1 |       ||     1
       Ozocubu's Armour  |       |       |     1 |     1 ||     2
       Dazzling Flash    |       |       |       |     1 ||     1
Evoke: Wand              |       |       |       |     1 ||     1
  Use: Scroll            |     2 |     6 |     6 |     4 ||    18
       Potion            |       |       |       |     3 ||     3
Armor: Robe              |     3 |    10 |    11 |     7 ||    31
Dodge: Dodged            |    11 |    15 |    38 |    39 ||   103
Block: Other             |       |    10 |       |       ||    10
       Reflection        |       |     5 |     6 |    11 ||    22
       Buckler           |       |       |    39 |    41 ||    80

Table legend: (Time is in decaauts)
 A = Elapsed time spent in this place.
 B = Non-inter-level travel time spent in this place.
 C = Inter-level travel time spent in this place.
 D = Time resting spent in this place.
 E = Time spent auto-exploring this place.
 F = Levels seen in this place.
 G = Mean time per level.
                   A        B        C        D        E       F      G
               +--------+--------+--------+--------+--------+-----+--------+
         Total |  22199 |  21568 |    631 |  12172 |   7272 |  14 | 1585.6 |
       Dungeon |  18438 |  17824 |    614 |  10013 |   6164 |  11 | 1676.2 |
        Temple |    470 |    453 |     17 |      0 |    449 |   1 |  470.0 |
         Sewer |   1668 |   1668 |      0 |    877 |    562 |   1 | 1668.0 |
        Bailey |   1620 |   1620 |      0 |   1282 |     97 |   1 | 1620.0 |
               +--------+--------+--------+--------+--------+-----+--------+

Top non-repeatable levels by time:
     D:6: 2273 daAuts
     D:9: 2129 daAuts
     D:8: 1938 daAuts
     D:7: 1879 daAuts
     D:4: 1864 daAuts
    D:10: 1824 daAuts
     D:5: 1733 daAuts
     D:2: 1705 daAuts
   Sewer: 1668 daAuts
     D:1: 1621 daAuts
  Bailey: 1620 daAuts
     D:3: 1279 daAuts
  Temple: 470 daAuts
    D:11: 188 daAuts
